cohdb
Replays
Latest Replays
All Replays
Popular Replays
Top Player Replays
Match Explorer
How It Works
Community
CoH3 Stats
Reddit
Sign in to upload your games and track your stats! →
Sign in with Steam
Match 42364627
Unlisted
Match 42364627
Overview
Messages
Build Orders
End
Construct Infanterie Kompanie
Kettenkrad Recon Vehicle
Selects Terror Battlegroup
Selects Machine Gun Camouflage
MG 42 Machine Gun Team
Grenadier Squad
Construct Luftwaffe Kompanie
Jäger Squad
Jäger Squad
Pioneer Squad
Medical Station
Selects Interrogate
Support Elements
Marder III M Tank Destroyer
Selects Defend the Fatherland
Construct Panzer Kompanie
Panzer IV Medium Tank
Pioneer Squad
Panzer IV Medium Tank
Selects King Tiger Heavy Tank
Selects King Tiger Heavy Tank
Construct Panzergrenadier Kompanie
Pak 40 Anti-tank Gun Team
Pak 40 Anti-tank Gun Team
wl_kaelthas
OCTAVOR1
Abeli
MindfulRaptor
Umad
TheMandoX2
0
0
Comments
sign in to comment!
No comments posted yet!